 Dungeon Crawl Stone Soup version 0.17-a0-2073-gde5cdba (webtiles) character file.

49 SlimeFever the Firebug (level 3, 0/24 HPs)
             Began as a Demonspawn Fire Elementalist on Oct 14, 2015.
             Succumbed to poison (a potion of poison)
             ... on level 3 of the Dungeon.
             The game lasted 00:11:22 (1428 turns).

SlimeFever the Firebug (DsFE)                       Turns: 1428, Time: 00:11:22

Health: 0/24       AC:  3    Str:  8    XL:     3   Next: 53%
Magic:  4/6        EV: 12    Int: 17    God:
Gold:   189        SH:  0    Dex: 13    Spells: 2 memorised, 3 levels left

rFire  . . .     SeeInvis .     (no weapon)
rCold  . . .     Clarity  .     r - +0 robe (curse)
rNeg   . . .     SustAt   .     (no shield)
rPois  .         Gourm    .     (no helmet)
rElec  .         Spirit   .     i - +0 cloak
rCorr  .         Warding  .     (no gloves)
rMut   .         Stasis   .     (no boots)
MR     .....                    (no amulet)
Stlth  ++........               (no ring)
                                (no ring)

@: lethally poisoned (0 -> -17), not resistant to hostile enchantments,
unstealthy
A: claws 2
a: no special abilities


You were on level 3 of the Dungeon.
You were not hungry.

You visited 1 branch of the dungeon, and saw 3 of its levels.

You collected 189 gold pieces.

Inventory:

Missiles
 e - 36 arrows
 j - 93 bolts
 l - 17 bolts of flame
Armour
 a - a +0 robe
 i - a +0 cloak (worn)
 r - a cursed +0 robe (worn)
Scrolls
 k - 2 scrolls of remove curse
 m - a scroll of enchant weapon
 n - a scroll of amnesia
 q - a scroll of fear {unknown}
Potions
 d - a potion of haste {unknown}
 g - a potion of might {unknown}
 o - a potion of degeneration {unknown}
 p - a potion of poison
Books
 b - a book of Flames

   Spells                             Type                      Level
   a - Flame Tongue                   Conjuration/Fire             1
   b - Throw Flame                    Conjuration/Fire             2
   c - Conjure Flame                  Conjuration/Fire             3
   d - Inner Flame                    Hexes/Fire                   3
   e - Sticky Flame                   Conjuration/Fire             4
   f - Fireball                       Conjuration/Fire             5
Comestibles
 c - 2 bread rations
 f - 2 beef jerkies
 h - a meat ration


   Skills:
 + Level 0.2 Fighting
 + Level 2.2 Dodging
 + Level 1.7 Stealth
 + Level 2.1 Spellcasting
 + Level 1.3 Conjurations
 * Level 3.6 Fire Magic


You had 3 spell levels left.
You knew the following spells:

 Your Spells              Type           Power        Failure   Level  Hunger
a - Flame Tongue          Conj/Fire      ##...        10%         1    #......
b - Throw Flame           Conj/Fire      ##....       12%         2    ###....


Dungeon Overview and Level Annotations

Branches:
Dungeon (3/15)

Altars:
Dithmenos
Ru


Innate Abilities, Weirdness & Mutations

You have very sharp fingernails.


Message History

The adder bites you.
You barely miss the adder.
The adder is moderately wounded.
The adder closely misses you.
You barely miss the adder.
The adder is moderately wounded.
The adder bites you. The adder misses you.
You closely miss the adder.
The adder is moderately wounded.
The adder bites you.
* * * LOW HITPOINT WARNING * * *
You are poisoned.
The adder poisons you!
You miss the adder.
The adder is moderately wounded.
You feel sick. The adder bites you.
* * * LOW HITPOINT WARNING * * *
It was a potion of poison.
That liquid tasted very nasty...
You are more poisoned.
You die...

###############
#########
#.............#
#.......#
#.###########.#
#.......# #.#
..#....#.#
#.......# #.# .....
#.# #.......#
#.###..# #.#
#.......# #.#.@S.#
#.# #.......#
#.#.#.....%.#.#
#.......#
#.#.#########.#
#.......#
#.#...........#
#.......#
#.#############
###...### #.#
#...#######.######
+...'...>.........>
#...###############


You could see an adder.

Vanquished Creatures
  An adder (D:1)
  An ooze (D:3)
  A worm (D:2)
  5 giant cockroaches
  3 hobgoblins
  A quokka (D:2)
  8 bats
  2 giant newts
  A goblin (D:1)
  5 kobolds
  5 rats
33 creatures vanquished.

Notes
Turn   | Place    | Note
--------------------------------------------------------------
     0 | D:1      | SlimeFever the Demonspawn Fire Elementalist began the quest for the Orb.
     0 | D:1      | Reached XP level 1. HP: 13/13 MP: 3/3
   193 | D:1      | Reached skill level 3 in Fire Magic
   362 | D:1      | Gained mutation: You have sharp fingernails. [demonic ancestry]
   362 | D:1      | Reached XP level 2. HP: 19/19 MP: 0/5
   520 | D:1      | Learned a level 2 spell: Throw Flame
   644 | D:1      | Gained mutation: You have very sharp fingernails. [demonic ancestry]
   644 | D:1      | Reached XP level 3. HP: 15/24 MP: 2/6
   962 | D:2      | Found a sacrificial altar of Ru.
   975 | D:2      | Found a shadowy altar of Dithmenos.
  1427 | D:3      | HP: 1/24 [adder (5)]
  1428 | D:3      | Succumbed to poison (a potion of poison)

Vault maps used:
D:1:      minmay_arrival_up_and_down, supply_closet_lemuel,
          minmay_misc_feat_ornament, serial_park_tiny_1
D:2:      nicolae_dithmenos_through_a_glass_darkly, nicolae_ru_awakened_eye
D:3:      first_bread, grunt_decor_cap, solitary_fountain, uniq_iyjb

Action                   || total
-------------------------++-------
Melee: Short sword       ||     5
       Unarmed           ||    34
 Cast: Flame Tongue      ||    39
       Throw Flame       ||     2
  Use: Scroll            ||     6
       Potion            ||     1
  Eat: Meat ration       ||     1
